 Dungeon Crawl Stone Soup version 0.29.0-11-gd7f09526c8 (webtiles) character file.

Game seed: 2103196822286638007

40685 DoubleLucky the Fighter (level 13, -4/144 HPs)
             Began as a Troll Fighter on Sept 6, 2022.
             Was a High Priest of Makhleb.
             Slain by an orc warrior
             ... wielding a +0 long sword
              (25 damage)
             ... on level 1 of the Orcish Mines.
             The game lasted 01:30:09 (16269 turns).

DoubleLucky the Fighter (Troll Fighter)            Turns: 16269, Time: 01:30:10

Health: -4/144     AC: 17    Str: 29    XL:     13   Next: 76%
Magic:  16/16      EV:  3    Int:  6    God:    Makhleb [*****.]
Gold:   357        SH: 14    Dex:  9    Spells: 12/12 levels left

rFire   + . .      SeeInvis .     - Unarmed
rCold   + + .      Faith    .   b - +0 kite shield
rNeg    . . .      Spirit   .   k - -2 gold dragon scales
rPois   +          Reflect  +   (helmet restricted)
rElec   .          Harm     .   l - +0 cloak
rCorr   .          Rampage  .   (gloves unavailable)
Will    +....                   (boots unavailable)
Stlth   ..........              n - amulet of reflection
HPRegen 1.14/turn               D - +4 ring of slaying
MPRegen 0.15/turn               j - ring of willpower

@: no status effects
A: large, unfitting armour, claws 3, regeneration 1, shaggy fur 1, tough skin 1,
cold resistance 1
a: Renounce Religion, Minor Destruction, Lesser Servant of Makhleb, Major
Destruction, Greater Servant of Makhleb


You were on level 1 of the Orcish Mines.
You worshipped Makhleb.
Makhleb was extremely pleased with you.
You visited 5 branches of the dungeon, and saw 19 of its levels.

You collected 1137 gold pieces.
You spent 780 gold pieces at shops.

Inventory:

Hand Weapons
 c - a +4 scimitar of flaming
Missiles
 m - 119 stones
 u - 4 poisoned darts
 x - 8 boomerangs
 M - 13 large rocks (quivered)
Armour
 b - a +0 kite shield (worn)
 k - -2 gold dragon scales (worn)
 l - a +0 cloak (worn)
 H - +1 acid dragon scales
Jewellery
 j - a ring of willpower (right claw)
 n - an amulet of reflection (around neck)
 q - a ring of positive energy
 y - a ring of protection from cold
 D - a +4 ring of slaying (left claw)
 I - a ring of resist corrosion
 J - a +6 ring of strength
 K - an amulet of guardian spirit
Wands
 a - a wand of paralysis (7)
 o - a wand of digging (4)
 A - a wand of polymorph (5)
 N - a wand of quicksilver (7)
Scrolls
 d - 2 scrolls of enchant weapon
 i - a scroll of brand weapon
 r - a scroll of summoning {unknown}
 v - 3 scrolls of amnesia
 B - 2 scrolls of fog {unknown}
 E - 3 scrolls of noise {unknown}
 L - 4 scrolls of teleportation {unknown}
Potions
 e - 2 potions of lignification
 g - 2 potions of cancellation
 h - a potion of berserk rage {unknown}
 p - 9 potions of curing
 t - 2 potions of flight {unknown}
 z - a potion of haste {unknown}
 C - 3 potions of ambrosia
 F - 3 potions of invisibility
 O - a potion of mutation {unknown}


   Skills:
 - Level 13.5 Fighting
 - Level 6.0 Throwing
 - Level 8.0 Armour
 - Level 2.4 Dodging
 - Level 8.0 Shields
 - Level 10.0 Unarmed Combat
 + Level 6.5 Invocations


You had 12 spell levels left.
You didn't know any spells.
Your spell library contained the following spells:

 Spells                   Type           Power      Damage    Failure   Level
 Apportation              Tloc           0%         N/A       100%        1
 Dazzling Flash           Conj/Hex       0%         N/A       100%        3
 Fulminant Prism          Conj/Hex       0%         3d6       100%        4
 Iskenderun's Mystic Bla  Conj/Tloc      0%         2d3       100%        4
 Alistair's Intoxication  Tmut/Pois      0%         N/A       100%        5
 Fireball                 Conj/Fire      0%         3d3       100%        5
 Lee's Rapid Deconstruct  Erth           0%         3d5*      100%        5
 Starburst                Conj/Fire      0%         6d3       100%        6
 Ignition                 Fire           0%         3d3       100%        8


Dungeon Overview and Level Annotations

Branches:
Dungeon (11/15)            Temple (1/1) D:7            Lair (4/5) D:11
  Swamp (0/4) Lair:2       Spider (1/4) Lair:2          Orc (2/2) D:10
  Slime: Lair:4-5       Elf: Orc:2

Altars:
Ashenzari
Cheibriados
Dithmenos
Elyvilon
Fedhas
Gozag
Hepliaklqana
Kikubaaqudgha
Makhleb
Nemelex Xobeh
Okawaru
Qazlal
Ru
Sif Muna
Trog
Vehumet
Wu Jian
Xom
Yredelemnul
Zin
The Shining One

Shops:
D:4 *   D:6 (   D:9 :

Portals:
Abyss: Lair:3
Trove: D:10 (give 6 scrolls of blinking)

Annotations:
D:10 3 runed translucent doors, dandone's ghost, novice KoBr
Temple 2 transporters
Lair:1 3 runed translucent doors, Artool's ghost, journeyman MiFi
Lair:3 2 transporters


Innate Abilities, Weirdness & Mutations

You are too large for most types of armour.
You have claws for hands.
Your natural rate of healing is unusually fast.
You are covered in fur. (AC +1)
You have tough skin. (AC +1)
Your flesh is cold resistant. (rC+)


Message History

The orc warrior hits you from afar with a +0 halberd.
* * * LOW HITPOINT WARNING * * *
The orc wizard casts a spell.
The orc wizard flickers and vanishes!
Deactivating autopickup; reactivate with Ctrl-A.
You block the orc warrior's attack.
You climb upwards.
Reactivating autopickup.
There is a stone staircase leading down, spattered with blood here.
Okay, then.
A demon appears!
The orc warrior hits you with a +0 dire flail!
* * * LOW HITPOINT WARNING * * *
You block the orc warrior's attack.
Press: ? - help, v - describe, . - travel, g - get item
Here: an orc warrior, wielding a +0 long sword, wearing a +0 plate armour and quivering boomerangs (strong)
Items here: a +2 whip of holy wrath; a +0 club; an orc corpse.
The floor, spattered with blood.
There are monsters nearby!
Attack: -) Claws
Press: ? - help, Dir - move target, f/p - orc warrior
Aim: an orc warrior, wielding a +0 long sword, wearing a +0 plate armour and quivering boomerangs (strong, about 28% to evade your claws)
Okay, then.
Unknown command.
Unknown command.
Press: ? - help, v - describe, . - travel, g - get item
Here: an orc warrior, wielding a +0 long sword, wearing a +0 plate armour and quivering boomerangs (strong)
Items here: a +2 whip of holy wrath; a +0 club; an orc corpse.
The floor, spattered with blood.
Press: ? - help, v - describe, . - travel
Here: an orc warrior, wielding a +0 dire flail and wearing a +0 plate armour (moderately wounded, strong, ally target)
The floor.
Unknown command.
Unknown command.
You barely miss the orc warrior.
The orc warrior is moderately wounded.
The orc warrior hits you with a +0 dire flail.
* * * LOW HITPOINT WARNING * * *
The orc warrior hits you with a +0 long sword!!
You die...

#....##....)[)...#
##..............##
###.....#..........#
###.##.#...#.#..[....#
.....#.#..#...#......#
.....^....##.........#
..........##..3.....##
.##.##....[[)....o...#
.##.#.....[>)..o@[...#
..........)[[..)†....#
.......#............##
.....................#
..........#.#.......##
...................##
....................##
................#....#
.#...................#


You could see 2 orc warriors and a friendly ynoxinul (summoned).

Vanquished Creatures
  Snorg (Lair:3)
  A boulder beetle (D:11)
  3 hydras (Lair:3)
  Erolcha (D:10)
  Erica (D:8)
  3 two-headed ogres
  An orc knight (Orc:2)
  Pikel (D:9)
  2 orc sorcerers
  The ghost of Cai the Conjurer, a novice HuWn (D:5)
  A manticore (D:8)
  3 cyclopes
  Maurice (D:10)
  6 black mambas
  10 elephants
  8 cane toads
  Maggie (D:7)
  Psyche (D:9)
  3 rime drakes
  6 komodo dragons
  3 trolls
  3 polar bears (Lair:4)
  Grinder (D:4)
  2 hornets
  7 dream sheep (Lair:3)
  9 blink frogs
  A wraith (D:11)
  A culicivora (Spider:1)
  A shadow (D:10)
  43 yaks
  2 redbacks (Spider:1)
  2 vampire mosquitoes (D:11)
  4 steam dragons
  Menkaure (D:4)
  3 wargs
  11 water moccasins
  2 sky beasts (D:7)
  6 black bears
  2 ice beasts
  13 orc warriors
  5 ogres
  3 wolves (Lair:3)
  6 centaurs
  A phantom (D:5)
  A kobold brigand (D:10)
  Blork the orc (D:6)
  2 gnoll sergeants
  10 bullfrogs
  2 scorpions
  3 wights
  6 killer bees (D:8)
  3 howler monkeys
  14 orc priests
  5 hounds
  Ijyb (D:4)
  2 jellies
  An iguana (D:6)
  15 orc wizards
  Robin (D:4)
  10 gnolls
  4 adders
  2 shadow imps (D:8)
  3 white imps
  4 ufetubi
  2 worms (D:3)
  A dart slug (D:3)
  56 orcs
  4 ball pythons
  7 bats
  3 endoplasms
  5 giant cockroaches
  15 goblins
  7 hobgoblins
  4 jackals (D:4)
  4 frilled lizards
  13 kobolds
  7 rats
  A spectral orc (D:3)
406 creatures vanquished.

Vanquished Creatures (collateral kills)
  A centaur (Orc:1)
1 creature vanquished.

Vanquished Creatures (others)
  An orc (D:6)
  A bush (D:6)
  A butterfly (D:6)
  A demonic plant (D:8)
  15 fungi
  34 plants
53 creatures vanquished.

Grand Total: 460 creatures vanquished

Notes
Turn   | Place    | Note
-------+----------+-------------------------------------------
     0 | D:1      | DoubleLucky the Troll Fighter began the quest for the Orb.
     0 | D:1      | Reached XP level 1. HP: 22/22 MP: 0/0
   323 | D:1      | Reached XP level 2. HP: 29/29 MP: 1/1
   594 | D:2      | Reached XP level 3. HP: 36/36 MP: 2/2
  1169 | D:3      | Reached XP level 4. HP: 44/44 MP: 3/3
  1325 | D:3      | Found a hazy altar of Hepliaklqana.
  1466 | D:3      | Found a shimmering blue altar of Sif Muna.
  1829 | D:4      | Noticed Menkaure
  1836 | D:4      | Killed Menkaure
  1837 | D:4      | Reached XP level 5. HP: 50/50 MP: 4/4
  1949 | D:4      | Found a radiant altar of Vehumet.
  2040 | D:4      | Noticed Ijyb
  2073 | D:4      | Killed Ijyb
  2074 | D:4      | Reached skill level 3 in Fighting
  2074 | D:4      | Reached XP level 6. HP: 61/61 MP: 5/5
  2204 | D:4      | Reached skill level 4 in Fighting
  2245 | D:4      | Noticed Robin
  2301 | D:4      | Killed Robin
  2437 | D:4      | Found Ocuiguc's Lightly-Used Armoury.
  2443 | D:4      | Identified the +2 helmet of Mezcal {Str+4}
  2578 | D:4      | Noticed Grinder
  2603 | D:4      | Killed Grinder
  2604 | D:4      | Reached skill level 5 in Fighting
  2604 | D:4      | Reached XP level 7. HP: 66/72 MP: 6/6
  2871 | D:5      | Entered Level 5 of the Dungeon
  2978 | D:5      | Reached skill level 6 in Fighting
  3005 | D:5      | Found a runed translucent door.
  3005 | D:5      | Noticed Cai's ghost (novice HuWn)
  3180 | D:5      | Reached XP level 8. HP: 80/83 MP: 7/7
  3195 | D:5      | Found an ornate altar of the Wu Jian Council.
  3278 | D:5      | Noticed a spectral centipede
  3278 | D:5      | Noticed a spectral black mamba
  3354 | D:5      | Identified the +6 flail "Beetleslayer" {pain, rC+ Str+2}
  3773 | D:6      | Found a white marble altar of Elyvilon.
  3905 | D:6      | Found Zuom's Antique Weapon Boutique.
  3973 | D:6      | Noticed Blork the orc
  3983 | D:6      | Killed Blork the orc
  3984 | D:6      | Reached skill level 5 in Shields
  4108 | D:6      | Reached XP level 9. HP: 89/89 MP: 8/8
  4434 | D:6      | Found an opulent altar of Gozag.
  4503 | D:6      | Found a glowing golden altar of the Shining One.
  4540 | D:7      | Found a staircase to the Ecumenical Temple.
  4552 | Temple   | Entered the Ecumenical Temple
  4552 | Temple   | Found a transporter.
  4552 | Temple   | Found a transporter.
  4556 | Temple   | Found a transporter.
  4556 | Temple   | Found a transporter.
  4577 | Temple   | Became a worshipper of Makhleb the Destroyer
  5019 | D:7      | Noticed Maggie
  5029 | D:7      | Killed Maggie
  5779 | D:8      | Noticed a manticore
  5793 | D:8      | Killed a manticore
  5866 | D:8      | Found a glowing silver altar of Zin.
  5866 | D:8      | Noticed an angel
  5907 | D:8      | Noticed Erica
  5915 | D:8      | Killed Erica
  5916 | D:8      | Reached skill level 10 in Unarmed Combat
  5916 | D:8      | Reached XP level 10. HP: 49/98 MP: 9/9
  6077 | D:8      | Found a large runed translucent door.
  6078 | D:8      | Found a large runed translucent door.
  6650 | D:8      | Found a shadowy altar of Dithmenos.
  6655 | D:8      | Found a shimmering altar of Xom.
  6711 | D:9      | Noticed a two-headed ogre
  6818 | D:9      | Reached * piety under Makhleb
  6891 | D:9      | Noticed Pikel
  6902 | D:9      | Killed Pikel
  6903 | D:9      | Reached skill level 5 in Throwing
  7258 | D:9      | Found a blossoming altar of Fedhas.
  7312 | D:9      | Noticed Psyche
  7319 | D:9      | Killed Psyche
  7320 | D:9      | Reached skill level 7 in Fighting
  7431 | D:10     | Entered Level 10 of the Dungeon
  7468 | D:10     | Found a staircase to the Orcish Mines.
  7775 | D:10     | Found a portal to a secret trove of treasure.
  7826 | D:10     | Noticed Erolcha
  7852 | D:10     | Found a basalt altar of Yredelemnul.
  7855 | D:10     | Noticed Maurice
  7863 | D:10     | Killed Erolcha
  7864 | D:10     | Reached skill level 8 in Fighting
  7864 | D:10     | Reached XP level 11. HP: 88/113 MP: 10/10
  7887 | D:10     | Killed Maurice
  7922 | D:10     | Found a sacrificial altar of Ru.
  7940 | D:10     | Reached ** piety under Makhleb
  8205 | D:10     | Found a runed translucent gate.
  8205 | D:10     | Found a runed translucent gate.
  8205 | D:10     | Found a runed translucent gate.
  8206 | D:10     | Noticed dandone's ghost (novice KoBr)
  8484 | D:11     | Noticed a boulder beetle
  8498 | D:11     | Reached skill level 9 in Fighting
  8500 | D:11     | Killed a boulder beetle
  8587 | D:11     | Found a staircase to the Lair.
  8747 | D:11     | Paralysed by a hornet for 3 turns
  8766 | D:11     | Reached skill level 10 in Fighting
  8887 | D:11     | Reached skill level 1 in Armour
  9159 | D:11     | Noticed a two-headed ogre
  9186 | D:11     | Killed a two-headed ogre
  9258 | Lair:1   | Entered Level 1 of the Lair of Beasts
  9339 | Lair:1   | Found a runed translucent gate.
  9340 | Lair:1   | Found a runed translucent gate.
  9340 | Lair:1   | Noticed Artool's ghost (journeyman MiFi)
  9341 | Lair:1   | Found a runed translucent gate.
  9439 | Lair:1   | Reached skill level 5 in Armour
  9735 | Lair:1   | Reached XP level 12. HP: 126/126 MP: 11/11
  9965 | Lair:1   | Reached *** piety under Makhleb
 10664 | D:9      | Killed a two-headed ogre
 10776 | D:9      | Found Ryappama's Book Shop.
 10963 | D:5      | Killed Cai's ghost
 11299 | Lair:2   | Found a hole to the Spider Nest.
 11531 | Lair:2   | Reached skill level 11 in Fighting
 11607 | Lair:2   | Found a staircase to the Swamp.
 12212 | Spider:1 | Entered Level 1 of the Spider Nest
 12382 | Lair:3   | Reached **** piety under Makhleb
 12497 | Lair:3   | Reached skill level 12 in Fighting
 12550 | Lair:3   | Noticed a five-headed hydra
 12558 | Lair:3   | Killed a one-headed hydra
 12559 | Lair:3   | Reached XP level 13. HP: 127/141 MP: 12/12
 12916 | Lair:3   | Reached skill level 13 in Fighting
 13117 | Lair:3   | Found a transporter.
 13164 | Lair:3   | Found a one-way gate to the infinite horrors of the Abyss.
 13173 | Lair:3   | Noticed Snorg
 13200 | Lair:3   | Killed Snorg
 13459 | Lair:3   | Found a transporter.
 13737 | Lair:3   | Reached skill level 1 in Invocations
 14736 | D:4      | Bought -3 gold dragon scales for 780 gold pieces
 15473 | Orc:1    | Entered Level 1 of the Orcish Mines
 15505 | Orc:1    | Reached ***** piety under Makhleb
 15731 | Orc:2    | Entered Level 2 of the Orcish Mines
 15755 | Orc:1    | Reached skill level 5 in Invocations
 16088 | Orc:2    | Gained mutation: Your flesh is cold resistant. (rC+) [a
                  | neqoxec]
 16269 | Orc:1    | Slain by an orc warrior

Illustrated notes

Levels and vault maps discovered:
D:1:      lightli_arrival_quake, layout_basic
D:2:      layout_basic, grunt_ministairs_4
D:3:      minmay_general_purpose_star, layout_rooms,
          mainiacjoe_overflow_24_doors, nicolae_hepliaklqana_monster_ancestors,
          shapermc_ecumenical_altar_notcrosses, hex_tiny, serial_bayou_pond_b,
          hex_medium
D:4:      layout_loops_corners, mainiacjoe_overflow_tiny_flanked,
          minmay_shop_damaged, due_unseen_surprise, uniq_ijyb, uniq_grinder,
          uniq_menkaure, uniq_robin
D:5:      layout_gridville, pdpol_wu_jian_five_deadly_venoms,
          gammafunk_ghost_grave, kennysheep_generic_room_12
D:6:      layout_loops_ring, tso_oasis_becter, nicolae_elyvilon_peaceful_grove,
          marbit_many_paths, serial_shops, nicolae_shop_trees,
          uniq_blork_the_orc
D:7:      layout_basic, minmay_temple_entry_waves, serial_rivers,
          chequers_serial_rivers_marsh, chequers_serial_rivers_micro_b,
          chequers_serial_rivers_micro_d, chequers_serial_rivers_micro_b,
          chequers_serial_rivers_micro_c, chequers_serial_rivers_small_b,
          uniq_maggie
D:8:      layout_cave_pods, zin_angel, jmf_multi_god_temple2, serial_demonic,
          serial_demonic_g, serial_demonic_c, serial_demonic_d,
          serial_demonic_g, uniq_erica
D:9:      layout_roguey, general_overflow_altar, serial_shops,
          nicolae_shop_behind_doors, uniq_pikel, uniq_psyche
D:10:     cheibrodos_steamvent, layout_basic, yredelemnul_altar_generic,
          nicolae_ru_awakened_eye, enter_trove_2, gammafunk_ghost_necromancy,
          hangedman_decor_peaks_small, minmay_fountain_box, uniq_maurice,
          uniq_erolcha
D:11:     layout_irregular_city, david_lair_generic
Temple:   hellmonk_temple_divided_pantheon
Lair:1:   layout_cave_pods, gammafunk_ghost_split
Lair:2:   layout_cave_pods, swamp_mist, dummy_spider_entry
Lair:3:   layout_chaotic_city, serial_rivers, chequers_serial_rivers_large_b,
          chequers_serial_rivers_room_a, chequers_serial_rivers_marsh,
          chequers_serial_rivers_small_b, gammafunk_ghost_abyssal_escape,
          uniq_snorg
Lair:4:   layout_loops_ring, cheibrodos_lair_lostbears, lemuel_fruit_fields,
          grunt_megastairs_4
Spider:1: layout_spider_delve
Orc:1:    layout_caves, basic_altar, serial_shops, nicolae_shop_behind_doors
Orc:2:    st_orc_rangers, layout_caves

Skill      XL: |  1  2  3  4  5  6  7  8  9 10 11 12 13 |
---------------+----------------------------------------+-----
Unarmed Combat | 3 4 6 8 10 | 10.0
Fighting       | 3 5 6 8 10 12 13 | 13.5
Shields        | 5 8 |  8.0
Throwing       | 2 6 |  6.0
Armour         | 6 8 |  8.0
Invocations    | 6 |  6.5
Dodging        | |  2.4

Action                   |  1- 3 |  4- 6 |  7- 9 | 10-12 | 13-15 || total
-------------------------+-------+-------+-------+-------+-------++-------
Melee: Unarmed           |    86 |   161 |   180 |   548 |   290 ||  1265
       Punch             |     3 |     2 |     4 |       |       ||     9
       Scimitar          |       |       |       |     5 |    12 ||    17
Throw: Stone             |       |       |       |     1 |       ||     1
       Dart              |       |       |       |    13 |    49 ||    62
       Large rock        |       |       |       |     3 |     1 ||     4
Invok: Lesser Servant of |       |       |       |       |     2 ||     2
Evoke: Wand              |       |       |       |     1 |       ||     1
  Use: Scroll            |       |     5 |     2 |     8 |     9 ||    24
       Potion            |       |     1 |     1 |     1 |     4 ||     7
 Stab: Sleeping          |     1 |       |       |       |       ||     1
       Paralysed         |       |       |       |     2 |       ||     2
Armor: Robe              |    31 |    47 |    21 |       |       ||    99
       Acid dragon scale |       |       |     6 |   116 |    89 ||   211
       Skin              |       |       |       |    12 |       ||    12
       Gold dragon scale |       |       |       |       |   101 ||   101
Dodge: Dodged            |    34 |    51 |    38 |   117 |    68 ||   308
Block: Other             |     7 |    31 |     7 |       |       ||    45
       Reflection        |       |     4 |     1 |    10 |    40 ||    55
       Kite shield       |       |       |    62 |   345 |   317 ||   724
